 Dungeon Crawl Stone Soup version 0.26.0-45-g9c1d065592 (webtiles) character file.

Game seed: 5495415173163040459

134785 pokeman the Sorcerer (level 16, -1/96 HPs)
             Began as a Deep Elf Hedge Wizard on Jan 31, 2021.
             Was the Champion of Vehumet.
             Killed by the air
             ... invoked by a wind drake
              (16 damage)
             ... on level 4 of the Shoals.
             The game lasted 02:10:03 (39480 turns).

pokeman the Sorcerer (Deep Elf Hedge Wizard)       Turns: 39480, Time: 02:10:04

Health: -1/96      AC: 16    Str: 11    XL:     16   Next: 62%
Magic:  25/44      EV: 11    Int: 27    God:    Vehumet [******]
Gold:   3081       SH:  5    Dex: 14    Spells: 24/60 levels left

rFire    + + +     SeeInvis +   E - staff of fire
rCold    . . .     Faith    +   a - +0 buckler
rNeg     + + +     Spirit   .   J - +0 swamp dragon scales
rPois    +         Reflect  .   V - +2 helmet
rElec    .         Harm     .   N - scarf {rC+ rF+}
rCorr    .         Rampage  .   W - +1 pair of gloves "Xiepev" {rN+}
Will     +....                  q - +1 pair of boots
Stlth    +.........             P - amulet of Vymn {Faith rN++ Str+4}
HPRegen  0.26/turn              U - ring "Fotacuw" {rF+ SInv}
MPRegen  0.29/turn              S - ring of fire

@: lethally poisoned (-1 -> -41), about to teleport, barbed spikes, very slow
A: no striking features
a: Renounce Religion


You were on level 4 of the Shoals.
You worshipped Vehumet.
Vehumet was exalted by your worship.
You visited 5 branches of the dungeon, and saw 28 of its levels.
You also visited: Sewer and Ossuary.

You collected 3129 gold pieces.
You spent 48 gold pieces at shops.

Inventory:

Hand Weapons
 G - the +1 arbalest of the Hall of Blades {freeze, Int+4}
   (You found it in an ossuary)

   It causes projectiles fired from it to freeze those they strike, causing
   extra injury to most foes and up to half again as much damage against
   particularly susceptible opponents.
   They can also slow down cold-blooded creatures.
   It affects your intelligence (+4).
 L - the +8 autumn katana {vorpal, Clar}
   (You found it on level 4 of the Lair of Beasts)

   It inflicts extra damage upon your enemies.
   It protects you against confusion.
Missiles
 j - 233 bolts
Armour
 a - a +0 buckler (worn)
 q - a +1 pair of boots (worn)
 J - +0 swamp dragon scales (worn)
 N - a scarf of resistance (worn)
 V - a +2 helmet (worn)
 W - the +1 pair of gloves "Xiepev" (worn) {rN+}
   (You found it on level 12 of the Dungeon)

   It protects you from negative energy.
Magical Staves
 E - an uncursed staff of fire (weapon)
Jewellery
 f - an uncursed ring of protection from cold
 k - an uncursed ring of flight
 P - the amulet of Vymn (around neck) {Faith rN++ Str+4}
   (You found it on level 2 of the Shoals)

   [amulet of faith]

   It allows you to gain divine favour quickly.
   It affects your strength (+4).
   It greatly protects you from negative energy.
 S - a ring of fire (right hand)
 U - the ring "Fotacuw" (left hand) {rF+ SInv}
   (You found it on level 6 of the Lair of Beasts)

   [ring of protection from fire]

   It protects you from fire.
   It lets you see invisible.
Wands
 M - a wand of digging (18)
 X - a wand of acid (10)
Scrolls
 d - 12 scrolls of remove curse
 m - 5 scrolls of blinking
 B - 11 scrolls of identify
 H - 5 scrolls of teleportation
 I - 7 scrolls of magic mapping
Potions
 h - 10 potions of curing
 r - 9 potions of heal wounds
 K - 3 potions of haste
 T - 2 potions of ambrosia
Miscellaneous
 b - a box of beasts
 F - a condenser vane


   Skills:
 + Level 9.0 Fighting
 - Level 6.1 Armour
 - Level 3.0 Dodging
 - Level 3.0 Stealth
 - Level 4.0 Shields
 * Level 22.7 Spellcasting
 + Level 14.5 Conjurations
 - Level 1.1 Summonings
 - Level 1.1 Translocations
 + Level 14.3 Fire Magic
 - Level 2.0 Ice Magic
 - Level 1.1 Air Magic
 - Level 1.0 Earth Magic
 - Level 1.0 Poison Magic
 - Level 1.0 Evocations


You had 24 spell levels left.
You knew the following spells:

 Your Spells              Type           Power        Failure   Level
a - Magic Dart            Conj           100%         0%          1
b - Mephitic Cloud        Conj/Pois/Air  57%          1%          3
c - Call Imp              Summ           36%          2%          2
d - Blink                 Tloc           N/A          2%          2
e - Conjure Flame         Conj/Fire      100%         0%          3
f - Foxfire               Conj/Fire      100%         0%          1
g - Fireball              Conj/Fire      63%          1%          5
h - Shock                 Conj/Air       100%         1%          1
i - Stone Arrow           Conj/Erth      100%         1%          3
j - Freezing Cloud        Conj/Ice/Air   29%          10%         6
k - Swiftness             Air            36%          2%          2
l - Orb of Destruction    Conj           41%          1%          7

Your spell library contained the following spells:

 Spells                   Type           Power        Failure   Level
 Ignition                 Fire           63%          12%         8
 Freeze                   Ice            100%         1%          1
 Frozen Ramparts          Ice            82%          1%          3
 Inner Flame              Hex/Fire       100%         1%          3
 Hailstorm                Conj/Ice       66%          1%          4
 Sticky Flame             Conj/Fire      100%         1%          4
 Bolt of Magma            Conj/Fire/Erth 56%          1%          5
 Irradiate                Conj/Tmut      31%          1%          5
 Iskenderun's Battlesphe  Conj           83%          1%          5
 Corpse Rot               Necr/Air       N/A          3%          2
 Passwall                 Tmut/Erth      27%          3%          2
 Slow                     Hex            30%          3%          2
 Sublimation of Blood     Necr           15%          3%          2
 Ozocubu's Armour         Ice            41%          3%          3
 Iron Shot                Conj/Erth      32%          4%          6
 Lee's Rapid Deconstruct  Erth           18%          12%         5
 Summon Ice Beast         Ice/Summ       39%          13%         4
 Passage of Golubria      Tloc           N/A          16%         4
 Spellforged Servitor     Conj/Summ      32%          21%         7
 Dispel Undead            Necr           30%          24%         4
 Agony                    Necr           30%          56%         5
 Excruciating Wounds      Necr           15%          56%         5
 Statue Form              Tmut/Erth      22%          97%         6
 Hydra Form               Tmut           15%          98%         6
 Invisibility             Hex            30%          98%         6
 Dragon Form              Tmut           15%          100%        7


Dungeon Overview and Level Annotations

Branches:
Dungeon (15/15)            Temple (1/1) D:5            Lair (6/6) D:10
 Shoals (4/4) Lair:2       Spider (0/4) Lair:2        Slime (0/5) Lair:6
    Orc (2/2) D:12            Elf (0/3) Orc:2        Vaults (0/5) D:13
  Sewer (visited)         Ossuary (visited)
 Depths: D:15

Altars:
Ashenzari
Cheibriados
Dithmenos
Elyvilon
Fedhas
Gozag
Hepliaklqana
Kikubaaqudgha
Makhleb
Nemelex Xobeh
Okawaru
Qazlal
Ru
Sif Muna
Trog
Uskayaw
Vehumet
Wu Jian
Yredelemnul
Beogh

Shops:
D:9 !   Orc:2 *(!(?

Annotations:
Shoals:2 3 runed translucent doors, Alvadar's ghost, adept DECj; Dared's ghost, adept FoFi; Kehia's ghost, adept DrWn; XxsatanxX's ghost, adept DDFi


Message History

Moving in this stuff is going to be slow.
The merfolk aquamancer casts a spell.
The merfolk aquamancer blinks!
You hear a shout! x8
Unknown command.
Unknown command.
Unknown command.
Unknown command.
As you read the scroll of teleportation, it crumbles to dust.
You feel strangely unstable. The sea snake bites you!
You are lethally poisoned!
The sea snake poisons you!
The water nymph's watery aura covers the stone staircase leading up.
The manticore flicks its tail.
The volley of spikes hits you!!
The barbed spikes become lodged in your body.
* * * LOW HITPOINT WARNING * * *
The wind drake flaps its wings at you. The air twists around and strikes you!
You die...

#≈..#.#......≈≈≈§≈
..#)#.......≈≈≈§≈
...#.....$...≈§§§
≈######)H....m...≈≈≈≈
≈.......H...m....≈≈≈≈
≈..........≈m..######
≈..........≈m≈#...[
≈≈....≈≈≈S≈)H#.#....
≈.....≈@(mk.#§#..≈#.
≈..P..≈SS≈..#$..≈#≈m
≈.P.........#.[≈##≈C
≈.......k...#..#≈≈
P.P....k....# ..≈≈
P.....)...k≈#
PP.$.......≈m
P≈........≈†≈≈


You could see 3 sea snakes, a merfolk aquamancer, 4 wind drakes, 4 merfolk, 3
manticores and a water nymph.

Vanquished Creatures
  Kirke (Lair:4)
  Roxanne (Shoals:1)
  An entropy weaver (shapeshifter) (D:14)
  2 entropy weavers (Lair:4)
  4 merfolk impalers
  Josephine (Lair:5)
  A vault guard (D:13)
  A catoblepas (D:13)
  2 merfolk avatars
  A centaur warrior (D:14)
  8 hydras
  Erica (D:11)
  An alligator snapping turtle (Shoals:3)
  3 merfolk aquamancers (Shoals:3)
  A queen ant (Lair:4)
  3 two-headed ogres
  A tengu warrior (D:13)
  5 orc high priests (Orc:2)
  14 spriggans (Lair:6)
  5 skeletal warriors (D:11)
  6 sea snakes
  A swamp dragon (Lair:4)
  3 unseen horrors
  A wizard (D:13)
  8 orc knights
  Pikel (D:9)
  10 harpies
  3 necromancers (D:13)
  10 ugly things
  A wolf spider (Lair:2)
  A deep elf mage (D:12)
  An orc sorcerer (Orc:2)
  12 fauns
  4 cyclopes
  8 manticores
  3 oklob plants (Lair:6)
  14 elephants
  A water nymph (Shoals:3)
  6 merfolk sirens
  7 black mambas
  A naga mage (D:15)
  Psyche (D:12)
  3 torpor snails
  2 gargoyles
  11 cane toads
  5 rime drakes
  2 kobold demonologists (D:11)
  A yaktaur (D:15)
  An efreet (D:13)
  2 komodo dragons
  31 merfolk
  7 polar bears (Lair:6)
  A tengu conjurer (D:13)
  A jumping spider (Lair:2)
  7 trolls
  5 slime creatures (D:12)
  6 hornets
  5 wind drakes
  12 blink frogs
  17 dream sheep
  A vampire (D:14)
  4 wyverns
  10 water elementals
  A shadow (D:12)
  6 hogs (Lair:4)
  6 wraiths
  35 yaks
  19 humans (D:13)
  10 basilisks
  Eustachio (D:4)
  5 vampire mosquitoes
  3 wargs
  Grum (D:9)
  Menkaure (D:4)
  24 soldier ants
  Duvessa (D:6)
  A floating eye (Lair:6)
  7 water moccasins
  49 orc warriors
  7 ice beasts
  4 black bears
  7 phantoms
  2 sky beasts
  28 wolves
  4 boggarts (Lair:6)
  6 ogres
  17 centaurs
  A lemure (D:9)
  3 big kobolds
  2 elf zombies (Ossuary)
  Blork the orc (D:4)
  21 bullfrogs
  A wyvern zombie (D:6)
  5 scorpions
  Dowan (D:6)
  15 killer bees
  4 wights (D:13)
  6 howler monkeys
  3 electric eels (D:7)
  3 centaur zombies
  A human zombie (Ossuary)
  A quasit (D:13)
  13 hounds
  4 bullfrog zombies
  10 jellies
  30 orc wizards
  38 orc priests
  2 centaur skeletons
  A bullfrog skeleton (D:8)
  5 iguanas
  26 worker ants
  2 big kobold zombies (Ossuary)
  3 hound zombies
  4 mummies (Ossuary)
  2 howler monkey zombies
  4 gnolls (D:4)
  A worker ant zombie (D:8)
  11 adders
  A shadow imp (D:8)
  2 white imps
  An ufetubus (D:7)
  7 oozes
  2 adder zombies (D:9)
  3 worms (D:2)
  2 dart slugs
  7 leopard geckos
  106 orcs
  4 giant cockroaches
  10 hobgoblins
  5 jackals
  6 quokkas
  2 ball pythons (D:3)
  10 bats
  7 frilled lizards
  2 gnoll zombies (Ossuary)
  17 goblins
  A goblin zombie (Ossuary)
  2 jackal zombies
  16 kobolds
  A leopard gecko skeleton (D:8)
  A leopard gecko zombie (D:7)
  7 rats
  A rat zombie (Ossuary)
  4 bushes (Lair:6)
990 creatures vanquished.

Vanquished Creatures (collateral kills)
  Purgy (Sewer)
  A worker ant (D:6)
  A giant cockroach (D:2)
3 creatures vanquished.

Vanquished Creatures (others)
  A komodo dragon (Lair:6)
  A killer bee (D:9)
  A worker ant (Lair:4)
  A bush (Lair:6)
  127 foxfires
  44 fungi
  123 plants
298 creatures vanquished.

Grand Total: 1291 creatures vanquished

Notes
Turn   | Place    | Note
-------+----------+-------------------------------------------
     0 | D:1      | pokeman the Deep Elf Hedge Wizard began the quest for the
                  | Orb.
     0 | D:1      | Reached XP level 1. HP: 10/10 MP: 7/7
   269 | D:1      | Reached XP level 2. HP: 8/16 MP: 1/9
   900 | D:1      | Reached skill level 5 in Spellcasting
  1219 | D:2      | Reached XP level 3. HP: 6/20 MP: 0/11
  1551 | D:2      | Learned a level 3 spell: Mephitic Cloud
  1554 | D:2      | Learned a level 2 spell: Call Imp
  1557 | D:2      | Learned a level 2 spell: Blink
  1561 | D:2      | Learned a level 3 spell: Conjure Flame
  1676 | D:2      | Reached skill level 1 in Fighting
  1728 | D:2      | Reached skill level 1 in Armour
  1808 | D:2      | Found a bloodstained altar of Trog.
  2118 | D:2      | Reached XP level 4. HP: 25/25 MP: 7/13
  2465 | D:2      | Reached skill level 1 in Fire Magic
  3167 | D:3      | Reached skill level 6 in Spellcasting
  3422 | D:3      | Reached XP level 5. HP: 29/29 MP: 11/15
  3598 | D:3      | Found a glowing drain.
  3607 | Sewer    | Entered a sewer
  3688 | Sewer    | Noticed Purgy
  3725 | Sewer    | Killed Purgy
  3726 | Sewer    | Reached skill level 1 in Air Magic
  4201 | D:3      | Found a sacrificial altar of Ru.
  4830 | D:4      | Reached skill level 1 in Poison Magic
  4830 | D:4      | Reached XP level 6. HP: 27/34 MP: 9/17
  4914 | D:4      | Reached skill level 7 in Spellcasting
  4914 | D:4      | Reached skill level 1 in Evocations
  5182 | D:4      | Noticed Menkaure
  5398 | D:4      | Noticed Blork the orc
  5596 | D:4      | Reached XP level 7. HP: 38/38 MP: 13/20
  5609 | D:4      | Killed Blork the orc
  5744 | D:4      | Got a faintly humming ring mail
  5794 | D:4      | Reached skill level 8 in Spellcasting
  6304 | D:4      | Noticed Eustachio
  6371 | D:4      | Killed Eustachio
  6372 | D:4      | Reached XP level 8. HP: 44/44 MP: 9/22
  6677 | D:4      | Killed Menkaure
  6678 | D:4      | Reached skill level 9 in Spellcasting
  6726 | D:5      | Entered Level 5 of the Dungeon
  6761 | D:5      | Found a staircase to the Ecumenical Temple.
  6762 | D:5      | Found a snail-covered altar of Cheibriados.
  6777 | Temple   | Entered the Ecumenical Temple
  6838 | Temple   | Became a worshipper of Vehumet
  6943 | D:5      | Found a blossoming altar of Fedhas.
  6944 | D:5      | Got a glimmering war axe
  6946 | D:5      | Found a sand-covered staircase.
  6956 | Ossuary  | Entered an ossuary
  6971 | Ossuary  | Reached skill level 5 in Conjurations
  7148 | Ossuary  | Got a faintly glowing arbalest
  7313 | Ossuary  | Reached * piety under Vehumet
  7313 | Ossuary  | Offered knowledge of Freeze by Vehumet.
  7383 | D:5      | Reached skill level 10 in Spellcasting
  8184 | D:6      | Got a fine whip
  8253 | D:6      | Reached XP level 9. HP: 43/48 MP: 16/25
  8461 | D:6      | Reached skill level 5 in Fire Magic
  8560 | D:6      | Noticed Duvessa
  8591 | D:6      | Noticed Dowan
  8743 | D:6      | Reached skill level 11 in Spellcasting
  9515 | D:6      | Killed Dowan
  9521 | D:6      | Killed Duvessa
  9535 | D:7      | Identified the +12 war axe of Xugaonoac {vamp, rF+ MP-9
                  | Dex+6} (You found it on level 5 of the Dungeon)
  9536 | D:7      | Identified the +3 whip of Precise Incision {flame, Str+2}
                  | (You found it on level 6 of the Dungeon)
  9537 | D:7      | Identified the cursed +1 arbalest of the Hall of Blades
                  | {freeze, Int+4} (You found it in an ossuary)
  9861 | D:7      | Offered knowledge of Shock by Vehumet.
  9866 | D:7      | Learned a level 1 spell: Shock
  9919 | D:7      | Reached ** piety under Vehumet
 10115 | D:7      | Found a shimmering blue altar of Sif Muna.
 10181 | D:7      | Reached skill level 12 in Spellcasting
 11176 | D:8      | Reached XP level 10. HP: 51/56 MP: 11/28
 11778 | D:8      | Offered knowledge of Static Discharge by Vehumet.
 12196 | D:9      | Noticed Pikel
 12207 | D:9      | Killed Pikel
 12302 | D:9      | Found Haggis's Distillery.
 12310 | D:9      | Bought a potion of lignification for 36 gold pieces
 12310 | D:9      | Bought a potion of degeneration for 12 gold pieces
 12458 | D:9      | Noticed Grum
 12463 | D:9      | Reached skill level 13 in Spellcasting
 12469 | D:9      | Killed Grum
 12613 | D:9      | Reached *** piety under Vehumet
 12996 | D:10     | Entered Level 10 of the Dungeon
 13332 | D:10     | Offered knowledge of Airstrike by Vehumet.
 13535 | D:10     | Killed an unseen horror
 13911 | D:10     | Found a staircase to the Lair.
 13970 | D:10     | Reached skill level 14 in Spellcasting
 14153 | D:11     | Reached **** piety under Vehumet
 14154 | D:11     | Reached XP level 11. HP: 16/61 MP: 17/31
 14160 | D:11     | Noticed a two-headed ogre
 14253 | D:11     | Found a radiant altar of Vehumet.
 14324 | D:11     | Offered knowledge of Stone Arrow by Vehumet.
 14338 | D:11     | Killed a two-headed ogre
 14343 | D:11     | Learned a level 3 spell: Stone Arrow
 14482 | D:11     | Noticed a skeletal warrior
 14495 | D:11     | Noticed Erica
 14689 | D:11     | Learned a level 1 spell: Foxfire
 14695 | D:11     | Learned a level 5 spell: Fireball
 14738 | D:11     | Reached skill level 1 in Earth Magic
 14932 | D:11     | Noticed a skeletal warrior
 14933 | D:11     | Killed Erica
 15142 | D:11     | Noticed a skeletal warrior
 15160 | D:11     | Noticed a skeletal warrior
 15160 | D:11     | Noticed a skeletal warrior
 15356 | D:11     | Reached skill level 5 in Armour
 15753 | D:11     | Killed a skeletal warrior
 15754 | D:11     | Reached skill level 15 in Spellcasting
 15939 | D:11     | Killed a skeletal warrior
 16068 | D:11     | Killed a skeletal warrior
 16069 | D:11     | Killed a skeletal warrior
 16502 | D:11     | Killed a skeletal warrior
 16610 | D:12     | Noticed Psyche
 16612 | D:12     | Killed Psyche
 16653 | D:12     | Reached XP level 12. HP: 66/66 MP: 19/33
 16875 | D:12     | Noticed a two-headed ogre
 16879 | D:12     | Killed a two-headed ogre
 16961 | D:12     | Reached ***** piety under Vehumet
 16961 | D:12     | Offered knowledge of Eringya's Noxious Bog by Vehumet.
 16962 | D:12     | Reached skill level 16 in Spellcasting
 17123 | D:12     | Reached skill level 10 in Conjurations
 17278 | D:12     | Got a pair of ancient gloves
 17293 | D:12     | Identified the +1 pair of gloves "Xiepev" {rN+} (You found
                  | it on level 12 of the Dungeon)
 17549 | D:12     | Found a staircase to the Orcish Mines.
 18115 | D:12     | Identified the +8 ring mail of the Cicada {rCorr Str+3
                  | Dex-4} (You found it on level 4 of the Dungeon)
 18445 | Orc:1    | Entered Level 1 of the Orcish Mines
 18709 | D:13     | Noticed a two-headed ogre
 18716 | D:13     | Killed a two-headed ogre
 18840 | D:13     | Noticed a tengu warrior
 18860 | D:13     | Killed a tengu warrior
 18861 | D:13     | Reached skill level 10 in Fire Magic
 18975 | D:13     | Offered knowledge of Olgreb's Toxic Radiance by Vehumet.
 18980 | D:13     | Reached skill level 17 in Spellcasting
 19048 | D:13     | Noticed a vault guard
 19067 | D:13     | Killed a vault guard
 19070 | D:13     | Reached skill level 5 in Fighting
 19331 | D:13     | Noticed a catoblepas
 19380 | D:13     | Killed a catoblepas
 19836 | D:13     | Reached XP level 13. HP: 72/72 MP: 25/36
 20329 | D:13     | Reached skill level 1 in Shields
 20905 | D:13     | Found a gate to the Vaults.
 21168 | D:14     | Reached skill level 18 in Spellcasting
 21811 | D:14     | Noticed an entropy weaver
 21817 | D:14     | Killed an entropy weaver
 23058 | D:15     | Entered Level 15 of the Dungeon
 23432 | Lair:1   | Entered Level 1 of the Lair of Beasts
 23592 | Lair:1   | Reached skill level 19 in Spellcasting
 23827 | Lair:1   | Reached XP level 14. HP: 78/78 MP: 17/39
 24884 | Lair:2   | Found a staircase to the Shoals.
 25159 | Lair:2   | Found a hole to the Spider Nest.
 27061 | Lair:4   | Found a transporter.
 27064 | Lair:4   | Found the +8 autumn katana {vorpal, Clar}
 27587 | Lair:4   | Found a transporter.
 27984 | Lair:4   | Reached skill level 20 in Spellcasting
 28216 | Lair:4   | Noticed Kirke
 28407 | Lair:4   | Killed Kirke
 29338 | Lair:5   | Noticed Josephine
 29343 | Lair:5   | Killed Josephine
 30532 | Lair:6   | Entered Level 6 of the Lair of Beasts
 30548 | Lair:6   | Offered knowledge of Starburst by Vehumet.
 30551 | Lair:6   | Reached XP level 15. HP: 73/85 MP: 26/41
 30719 | Lair:6   | Found a staircase to the Slime Pits.
 31302 | Lair:6   | Reached ****** piety under Vehumet
 31561 | Lair:6   | Got a transparent bone ring
 31618 | Lair:6   | Offered knowledge of Iskenderun's Battlesphere by Vehumet.
 31686 | Lair:6   | Reached skill level 21 in Spellcasting
 32529 | Orc:2    | Entered Level 2 of the Orcish Mines
 32529 | Orc:2    | Found a staircase to the Elven Halls.
 33107 | Orc:2    | Found a roughly hewn altar of Beogh.
 33194 | Orc:2    | Found Moonky Gema's Magic Scroll Shoppe.
 34181 | Orc:2    | Offered knowledge of Freezing Cloud by Vehumet.
 34518 | Orc:2    | Found Nafriwod's General Store.
 34519 | Orc:2    | Found Zaineigino's Distillery.
 34519 | Orc:2    | Found Fiwenaps's Antique Weapon Shop.
 34520 | Orc:2    | Found Ryzeasaukk's Weapon Shop.
 34674 | Orc:2    | Learned a level 6 spell: Freezing Cloud
 34768 | Shoals:1 | Entered Level 1 of the Shoals
 34768 | Shoals:1 | Noticed Roxanne
 34789 | Shoals:1 | Reached skill level 1 in Ice Magic
 35986 | Shoals:1 | Identified the ring "Fotacuw" {rF+ SInv} (You found it on
                  | level 6 of the Lair of Beasts)
 36478 | Shoals:1 | Killed Roxanne
 36683 | Shoals:2 | Reached XP level 16. HP: 93/93 MP: 43/43
 36813 | Shoals:2 | Got a twitching diamond amulet
 36824 | Shoals:2 | Identified the amulet of Vymn {Faith rN++ Str+4} (You found
                  | it on level 2 of the Shoals)
 36892 | Shoals:2 | Reached skill level 22 in Spellcasting
 37184 | Shoals:2 | Offered knowledge of Bolt of Magma by Vehumet.
 37348 | Shoals:2 | Found a runed translucent gate.
 37348 | Shoals:2 | Found a runed translucent gate.
 37348 | Shoals:2 | Found a runed translucent gate.
 37348 | Shoals:2 | Noticed XxsatanxX's ghost (adept DDFi)
 37348 | Shoals:2 | Noticed Alvadar's ghost (adept DECj)
 37349 | Shoals:2 | Noticed Dared's ghost (adept FoFi)
 37349 | Shoals:2 | Noticed Kehia's ghost (adept DrWn)
 38081 | Shoals:3 | Learned a level 2 spell: Swiftness
 38097 | Shoals:3 | Learned a level 7 spell: Orb of Destruction
 39455 | Shoals:4 | Entered Level 4 of the Shoals
 39472 | Shoals:4 | Offered knowledge of Ignition by Vehumet.
 39480 | Shoals:4 | Killed from afar by a wind drake

Illustrated notes

Levels and vault maps discovered:
D:1:      zaba_arrival_water, layout_rooms
D:2:      layout_loops_ring, lemuel_crystal_altar, minmay_misc_feat_rows,
          minmay_misc_feat_ornament
D:3:      minmay_door_path, layout_loops_corners, cheibrodos_sewer_entry_sluice,
          minmay_misc_feat_nine_boxes, nicolae_ru_the_path_less_chosen
D:4:      layout_basic, uniq_menkaure, uniq_eustachio, uniq_blork_the_orc
D:5:      layout_cave_pools, minmay_temple_entry_proselytizer, basic_altar,
          enter_ossuary_1, fedhas_altar_2
D:6:      layout_loops_ring, uniq_duvessa
D:7:      kennysheep_orc_sif_temple, layout_cave_pools, chequers_big_river
D:8:      layout_loops_ring
D:9:      layout_loops_ring, serial_shops,
          nicolae_shop_competitors_out_of_business, uniq_pikel, uniq_grum
D:10:     layout_loops_ring, grunt_lair_entry_orc_guard_hut
D:11:     layout_small_grid, basic_altar, corexii_leaking_fountain, uniq_erica
D:12:     layout_loops_ring, erik_orc_3, uniq_psyche
D:13:     layout_roguey, grunt_vaults_entry_tiered, minmay_fractal_squares_5
D:14:     layout_roguey, special_room [special_room_orc]
D:15:     grunt_enter_depths_magical_seal, layout_irregular_city, serial_bayou,
          serial_bayou_shore_a, serial_bayou_pond_b, serial_bayou_pond_d,
          serial_bayou_pond_c, enter_trove_6
Temple:   regret_index_temple_sigil_plot
Lair:1:   layout_chaotic_city, patterned_corridor
Lair:2:   layout_gridlike, minmay_shoals_entry_lonely_mermaid,
          spider_nest_entry_funnel_web
Lair:3:   layout_roguey
Lair:4:   gammafunk_cloud_chamber, layout_cave_shapes, minivault_29, uniq_kirke
Lair:5:   layout_regular_city, uniq_josephine
Lair:6:   minmay_lair_end_enchanted_forest, layout_cave_pods,
          nicolae_slime_entry_slimehenge, chequers_serial_rivers_room_b,
          disabler_island
Shoals:1: layout_shoals, nicolae_shoals_cliffside_cave, uniq_roxanne
Shoals:2: layout_shoals, gammafunk_ghost_cemetery
Shoals:3: layout_shoals
Shoals:4: shoals_end_hangedman, layout_shoals, serial_shops, nicolae_shop_stone
Orc:1:    layout_caves
Orc:2:    st_orc_pillars, layout_caves, serial_shops, shop, mines2_david

Skill      XL: |  1  2  3  4  5  6  7  8  9 10 11 12 13 14 15 16 |
---------------+-------------------------------------------------+-----
Spellcasting   | 5 6 7 8 10 12 14 15 17 19 20 21 22 | 22.7
Fighting       | 1 2 3 4 5 6 8 9 |  9.0
Armour         | 1 3 4 5 6 |  6.1
Conjurations   | 2 3 4 5 7 8 9 10 11 13 14 | 14.5
Fire Magic     | 1 2 3 4 6 7 9 10 11 12 13 14 | 14.3
Dodging        | 3 |  3.0
Stealth        | 3 |  3.0
Air Magic      | 1 |  1.1
Poison Magic   | 1 |  1.0
Evocations     | 1 |  1.0
Earth Magic    | 1 |  1.0
Shields        | 3 4 |  4.0
Ice Magic      | 2 |  2.0
Summonings     | |  1.1
Translocations | |  1.1

Action                   |  1- 3 |  4- 6 |  7- 9 | 10-12 | 13-15 | 16-18 || total
-------------------------+-------+-------+-------+-------+-------+-------++-------
Melee: Dagger            |     8 |    28 |    66 |       |       |       ||   102
       Hand axe          |       |       |    23 |   137 |    67 |       ||   227
       Staff             |       |       |       |       |    12 |       ||    12
 Cast: Magic Dart        |   105 |   151 |   276 |    64 |     7 |       ||   603
       Call Imp          |     1 |     5 |     4 |    11 |     4 |       ||    25
       Mephitic Cloud    |     1 |     9 |    34 |    44 |    14 |       ||   102
       Conjure Flame     |     1 |     4 |    22 |    30 |    10 |       ||    67
       Blink             |       |     1 |     1 |     2 |     2 |       ||     6
       Shock             |       |       |    52 |   142 |    10 |       ||   204
       Fireball          |       |       |       |   146 |   579 |   118 ||   843
       Stone Arrow       |       |       |       |    12 |    60 |       ||    72
       Foxfire           |       |       |       |    37 |    41 |       ||    78
Evoke: Wand              |       |       |     1 |    12 |     3 |       ||    16
       Box of beasts     |       |       |       |     1 |       |       ||     1
  Use: Scroll            |       |       |     3 |    13 |     9 |     4 ||    29
       Potion            |       |       |       |       |     2 |       ||     2
 Stab: Confused          |       |     1 |    11 |    11 |     6 |       ||    29
       Distracted        |       |       |       |       |     1 |       ||     1
Armor: Leather armour    |     4 |    10 |       |       |       |       ||    14
       Troll leather arm |       |     8 |    50 |    43 |       |       ||   101
       Ring mail         |       |       |       |    19 |    37 |       ||    56
       Swamp dragon scal |       |       |       |       |    11 |     4 ||    15
Dodge: Dodged            |    19 |    72 |   100 |   142 |    62 |     4 ||   399
Block: Other             |       |       |    34 |    54 |    11 |       ||    99
       Reflection        |       |       |     6 |     5 |     6 |       ||    17
       Buckler           |       |       |       |       |    35 |       ||    35
